 Dungeon Crawl Stone Soup version 0.23-a0-180-ga5275e7 (webtiles) character file.

153 Inarius the Skirmisher (level 5, -5/42 HPs)
             Began as a Mummy Fighter on Sept 18, 2018.
             Slain by Crazy Yiuf
             ... wielding a +4 quarterstaff of chaos
              (7 damage)
             ... on level 2 of the Dungeon.
             The game lasted 00:02:47 (2850 turns).

Inarius the Skirmisher (Mummy Fighter)              Turns: 2850, Time: 00:02:49

Health: -5/42      AC:  6    Str: 21    XL:     5   Next: 12%
Magic:  0/5        EV:  7    Int:  7    God:
Gold:   96         SH:  9    Dex: 11    Spells: 4/4 levels left

rFire    x . .     SeeInvis .   a - +0 war axe
rCold    + . .     Gourm    .   c - +0 shield
rNeg     + + +     Faith    .   b - +0 scale mail
rPois    ∞         Spirit   .   (no helmet)
rElec    .         Reflect  .   (no cloak)
rCorr    .         Harm     .   (no gloves)
MR       .....                  (no boots)
Stlth    ..........             (no amulet)
HPRegen  0.14/turn              (no ring)
MPRegen  0.09/turn              (no ring)

@: slowed, very slow
A: no food or potions, fire vulnerability, cold resistance 1, negative energy
resistance 3, torment resistance, unbreathing
a: no special abilities


You were on level 2 of the Dungeon.
You were not hungry.

You visited 1 branch of the dungeon, and saw 2 of its levels.

You collected 96 gold pieces.

Inventory:

Hand Weapons
 a - a +0 war axe (weapon)
Armour
 b - a +0 scale mail (worn)
 c - a +0 shield (worn)
Scrolls
 f - 2 scrolls of teleportation
 g - a scroll of blinking
 h - a scroll of enchant armour
 i - a scroll of magic mapping {unknown}


   Skills:
 * Level 4.2 Fighting
 - Level 1.8 Axes
 + Level 3.3 Armour
 - Level 0.1 Dodging
 + Level 3.2 Shields


You had 4 spell levels left.
You didn't know any spells.
Your spell library was empty.

Dungeon Overview and Level Annotations

Branches:
Dungeon (2/15)

Altars:

Annotations:
D:2 Crazy Yiuf


Innate Abilities, Weirdness & Mutations

You do not eat or drink.
Your flesh is vulnerable to fire.
You are immune to poison.
Your flesh is cold resistant. (rC+)
You are immune to negative energy. (rN+++)
You are immune to unholy pain and torment.
You can survive without breathing.


Message History

You closely miss Crazy Yiuf.
Crazy Yiuf is almost dead.
You block Crazy Yiuf's attack.
Crazy Yiuf hits you with a quarterstaff of chaos!
Space warps horribly around you!
* * * LOW HITPOINT WARNING * * *
You are too injured to fight recklessly!
You are too injured to fight recklessly!
You are too injured to fight recklessly!
You are too injured to fight recklessly!
You closely miss Crazy Yiuf.
Crazy Yiuf is almost dead.
Crazy Yiuf zaps a wand.
You resist with some effort.
You barely miss Crazy Yiuf.
Crazy Yiuf is almost dead.
Crazy Yiuf hits you with a quarterstaff of chaos.
* * * LOW HITPOINT WARNING * * *
You feel yourself slow down.
Crazy Yiuf hits you with a quarterstaff of chaos!
You die...

#.##.#.........# #.#
..##.######.##.# #.#
##...........#.# #.#
..............!# #.#
################ #.#
#.# ######## #.#
########.#....######.##
#...##..#.....g@......#
#.g.'=####......#######
#)..### ##....## #####
######


You could see Crazy Yiuf.

Vanquished Creatures
  Natasha (thrice) (D:2)
  3 adders (D:2)
  A worm (D:2)
  4 dart slugs
  A leopard gecko (D:2)
  2 giant cockroaches (D:1)
  7 hobgoblins
  A jackal (D:1)
  A quokka (D:2)
  2 bats
  4 frilled lizards
  2 goblins (D:1)
  6 kobolds
  7 rats
44 creatures vanquished.

Notes
Turn   | Place    | Note
-------+----------+-------------------------------------------
     0 | D:1      | Inarius the Mummy Fighter began the quest for the Orb.
     0 | D:1      | Reached XP level 1. HP: 18/18 MP: 1/1
   235 | D:1      | Reached XP level 2. HP: 24/24 MP: 2/2
   738 | D:2      | Reached XP level 3. HP: 20/29 MP: 3/3
  1155 | D:2      | Reached XP level 4. HP: 37/37 MP: 4/4
  1413 | D:2      | Noticed Natasha
  1422 | D:2      | Killed Natasha
  1660 | D:2      | Noticed Natasha
  2186 | D:2      | Killed Natasha
  2186 | D:2      | Reached skill level 4 in Fighting
  2488 | D:2      | Noticed Natasha
  2501 | D:2      | Killed Natasha
  2501 | D:2      | Reached XP level 5. HP: 17/42 MP: 5/5
  2573 | D:2      | Found a runed door.
  2669 | D:2      | Noticed Crazy Yiuf
  2850 | D:2      | HP: 2/42 [Crazy Yiuf/quarterstaff of chaos (4)]
  2850 | D:2      | Slain by Crazy Yiuf

Vault maps used:
D:1:      mrwooster_arrival_statue_2, minmay_quantized
D:2:      uniq_natasha, uniq_crazy_yiuf_cottage

Skill      XL: |  1  2  3  4 |
---------------+-------------+-----
Shields        | 3 |  3.2
Armour         | 3 |  3.3
Fighting       | 4 |  4.2
Axes           | |  1.8
Dodging        | |  0.1

Action                   |  1- 3 |  4- 6 || total
-------------------------+-------+-------++-------
Melee: War axe           |   119 |    68 ||   187
  Use: Scroll            |     3 |     2 ||     5
Armor: Scale mail        |    53 |    24 ||    77
Dodge: Dodged            |    37 |    22 ||    59
Block: Shield            |    64 |    35 ||    99

Table legend:
 A = Non-vault XP
 B = Vault XP
 C = Vault XP percentage of total XP
 D = Non-vault monster count
 E = Vault monster count
 F = Vault count percentage of total count
                 A         B        C        D         E       F
            +---------+---------+-------+---------+---------+-------
      Total |     176 |      43 |  19.6 |      40 |       4 |   9.1
            +---------+---------+-------+---------+---------+-------
        D:1 |      29 |       7 |  19.4 |      17 |       3 |  15.0
        D:2 |     147 |      36 |  19.7 |      23 |       1 |   4.2
            +---------+---------+-------+---------+---------+-------
